 Dungeon Crawl Stone Soup version 0.25-a0-583-g696c2ac64d (webtiles) character file.

Game seed: 4085409654809654194, levelgen mode: deterministic

11677 Maize the Severer (level 11, -2/153 HPs)
             Began as a Minotaur Berserker on Mar 8, 2020.
             Was a High Priest of Trog.
             Incinerated by a smoke demon (3 damage)
             ... with a sticky flame
             ... on level 2 of the Abyss.
             The game lasted 00:14:19 (7270 turns).

Maize the Severer (Minotaur Berserker)              Turns: 7270, Time: 00:14:19

Health: -2/153     AC: 19    Str: 25    XL:     11   Next: 52%
Magic:  0/10       EV:  8    Int:  4    God:    Trog [*****.]
Gold:   295        SH:  0    Dex: 10    Spells: 10/10 levels left

rFire    . . .     SeeInvis .   F - +6 battleaxe (flame)
rCold    . . .     Gourm    .   (shield currently unavailable)
rNeg     . . .     Faith    .   x - +0 plate armour
rPois    +         Spirit   +   (helmet restricted)
rElec    .         Reflect  .   C - scarf {Spirit}
rCorr    .         Harm     .   w - +0 pair of gloves "Liki" {Slay+2 Stlth+}
MR       .....                  (no boots)
Stlth    ..........             (no amulet)
HPRegen  0.35/turn              v - +3 ring of protection
MPRegen  0.12/turn              y - ring of poison resistance

@: berserking (expiring), liquid flames, slowed, glowing
A: retaliatory headbutt, horns 2
a: Berserk, Trog's Hand, Brothers in Arms, Renounce Religion


You were on level 2 of the Abyss.
You worshipped Trog.
Trog was extremely pleased with you.
You were very hungry.

You visited 1 branch of the dungeon, and saw 11 of its levels.
You visited the Abyss 1 time.

You collected 774 gold pieces.
You spent 479 gold pieces at shops.

Inventory:

Hand Weapons
 F - a +6 battleaxe of flaming (weapon)
 J - a +2 antimagic battleaxe
Missiles
 p - 4 silver javelins (quivered)
Armour
 w - the +0 pair of gloves "Liki" (worn) {Slay+2 Stlth+}
   (You found it on level 6 of the Dungeon)

   It affects your accuracy and damage with ranged weapons and melee attacks
   (+2).
   It makes you more stealthy.
 x - a +0 plate armour (worn)
 C - a scarf of spirit shield (worn)
Jewellery
 v - a +3 ring of protection (left hand)
 y - a ring of poison resistance (right hand)
 B - an uncursed ring of resist corrosion
Wands
 a - a wand of random effects (22)
 d - a wand of iceblast (22)
 m - a wand of digging (8)
Scrolls
 b - 2 scrolls of immolation {unknown}
 e - 4 scrolls of teleportation
 g - 4 scrolls of remove curse
 k - a scroll of enchant weapon
 n - a scroll of amnesia {unknown}
 q - 3 scrolls of fear
 s - 2 scrolls of magic mapping {unknown}
 t - 5 scrolls of identify
 A - 3 scrolls of blinking
 D - 2 scrolls of fog {unknown}
 H - a scroll of torment {unknown}
Potions
 f - a potion of heal wounds
 h - 3 potions of degeneration {unknown}
 j - 2 potions of mutation
 l - 2 potions of berserk rage
 o - 2 potions of curing
 r - a potion of ambrosia
 u - 4 potions of might
 z - a potion of magic {unknown}
 E - a potion of brilliance {unknown}
 G - a potion of haste {unknown}
 I - a potion of resistance {unknown}
Comestibles
 c - 22 rations


   Skills:
 + Level 11.4 Fighting
 * Level 15.2 Axes
 + Level 11.1 Armour
 - Level 2.2 Dodging


You had 10 spell levels left.
You didn't know any spells.
Your spell library was empty.

Dungeon Overview and Level Annotations

Branches:
Dungeon (11/15)            Temple (0/1) D:4            Lair (0/6) D:11
    Orc: D:9-12

Altars:
Cheibriados
Dithmenos
Gozag
Kikubaaqudgha
Makhleb
Okawaru
Qazlal
Sif Muna
Trog
Uskayaw
Vehumet
Wu Jian
Xom
Yredelemnul
Zin
The Shining One

Shops:
D:6 *   D:10 (

Annotations:
D:10 Sonja


Innate Abilities, Weirdness & Mutations

You reflexively headbutt those who attack you in melee.
You have a pair of horns on your head.


Message History

You are covered in liquid flames!
The raiju closely misses you.
You slash the raiju! You burn the raiju.
The raiju is moderately wounded.
You miss the ufetubus.
You are covered in liquid flames!
* * * LOW HITPOINT WARNING * * *
The ufetubus hits you but does no damage. x2
The raiju barely misses you.
You are too berserk!
You barely miss the raiju.
The raiju is moderately wounded.
You slice the ufetubus!! You burn the ufetubus.
You kill the ufetubus!
You slash the ufetubus! You burn the ufetubus.
You kill the ufetubus!
You slash the ufetubus! You burn the ufetubus.
You kill the ufetubus!
You are covered in liquid flames!
You die...

##.......... .
#........... #.
#...........
#..#...........
###.#3..........
................
..........).......
......5.5.@h......
.......3.†.......
................
##.####..##..##.
##.......#### # #
.#...#.###.#.
#..#..#.#.#.... .
#.#.##.##.......
#....#.... #....


You could see a smoke demon, a raiju, a ynoxinul and 2 ufetubi.

Vanquished Creatures
  A tentacled starspawn (Abyss:2)
  2 two-headed ogres
  A cyclops (D:11)
  A manticore (D:11)
  A guardian serpent (Abyss:2)
  A komodo dragon (D:11)
  2 trolls
  A hippogriff (D:7)
  A vampire (D:11)
  10 yaks (D:11)
  A basilisk (D:11)
  A hungry ghost (D:7)
  A chaos spawn (Abyss:2)
  3 large abominations (Abyss:2)
  An acid dragon (D:11)
  2 swamp worms (D:11)
  2 orc warriors
  An ice beast (D:11)
  A black bear (D:7)
  The ghost of a0bad the Cudgeler, an amateur MiBe of Trog (D:3)
  2 ogres (D:4)
  A phantom (D:8)
  2 centaurs
  3 crocodiles (D:11)
  A big kobold (D:11)
  8 bullfrogs
  2 wyvern skeletons
  3 scorpions
  4 killer bees (D:8)
  A howler monkey (D:4)
  A bullfrog zombie (D:3)
  3 crimson imps
  A centaur zombie (D:6)
  5 hounds
  2 quasits
  2 centaur skeletons
  4 orc priests
  3 jellies
  A bullfrog skeleton (D:3)
  2 iguanas
  6 orc wizards
  6 worker ants
  2 small abominations (Abyss:2)
  Robin (D:3)
  7 adders
  6 gnolls
  A shadow imp (D:7)
  2 oozes
  2 adder skeletons
  5 worms
  6 dart slugs
  4 leopard geckos
  39 orcs
  2 giant cockroaches
  18 goblins
  23 hobgoblins
  2 jackals (D:1)
  24 kobolds
  A quokka (D:7)
  4 ball pythons
  11 bats
  11 frilled lizards
  3 leopard gecko skeletons
  A quokka skeleton (D:5)
  11 rats
  3 plants (D:11)
  A starspawn tentacle (Abyss:2)
288 creatures vanquished.

Vanquished Creatures (others)
  A plant (D:11)
  A starspawn tentacle (Abyss:2)
2 creatures vanquished.

Grand Total: 290 creatures vanquished

Notes
Turn   | Place    | Note
-------+----------+-------------------------------------------
     0 | D:1      | Maize the Minotaur Berserker began the quest for the Orb.
     0 | D:1      | Reached XP level 1. HP: 19/19 MP: 0/0
    81 | D:1      | Reached skill level 4 in Axes
    81 | D:1      | Reached XP level 2. HP: 24/27 MP: 1/1
   241 | D:1      | Found a glowing golden altar of the Shining One.
   497 | D:1      | Reached ** piety under Trog
   609 | D:1      | Reached XP level 3. HP: 31/33 MP: 2/2
   944 | D:2      | Found a bloodstained altar of Trog.
  1048 | D:2      | Reached XP level 4. HP: 40/40 MP: 3/3
  1049 | D:2      | Reached skill level 5 in Axes
  1173 | D:2      | Found a burning altar of Makhleb.
  1174 | D:2      | Found a radiant altar of Vehumet.
  1198 | D:3      | Found a hide-covered altar of Uskayaw.
  1251 | D:3      | Reached *** piety under Trog
  1257 | D:3      | Noticed Robin
  1268 | D:3      | Killed Robin
  1273 | D:3      | Reached XP level 5. HP: 39/47 MP: 4/4
  1508 | D:3      | Found a runed translucent gate.
  1508 | D:3      | Found a runed translucent gate.
  1508 | D:3      | Found a runed translucent gate.
  1515 | D:3      | Noticed a0bad's ghost (amateur MiBe)
  1798 | D:3      | Reached skill level 6 in Axes
  1806 | D:3      | Killed a0bad's ghost
  1806 | D:3      | Reached skill level 5 in Fighting
  1806 | D:3      | Reached XP level 6. HP: 9/56 MP: 5/5
  2132 | D:4      | Reached skill level 7 in Axes
  2210 | D:4      | Reached **** piety under Trog
  2269 | D:4      | Reached skill level 5 in Armour
  2269 | D:4      | Reached XP level 7. HP: 49/62 MP: 6/6
  2326 | D:4      | Found a staircase to the Ecumenical Temple.
  2706 | D:3      | Found an ancient bone altar of Kikubaaqudgha.
  2727 | D:4      | Reached skill level 8 in Axes
  3041 | D:5      | Entered Level 5 of the Dungeon
  3065 | D:5      | Found a glowing silver altar of Zin.
  3079 | D:5      | Found a stormy altar of Qazlal.
  3408 | D:5      | Found an ornate altar of the Wu Jian Council.
  3408 | D:5      | Found a shimmering blue altar of Sif Muna.
  3900 | D:6      | Reached XP level 8. HP: 70/71 MP: 7/7
  3908 | D:6      | Found Anec's General Store.
  3916 | D:6      | Reached skill level 9 in Axes
  3966 | D:6      | Bought a potion of might for 52 gold pieces
  3966 | D:6      | Bought a scroll of blinking for 97 gold pieces
  3966 | D:6      | Bought a scroll of noise for 13 gold pieces
  3966 | D:6      | Bought a scroll of random uselessness for 13 gold pieces
  4345 | D:6      | Got a pair of distressingly furry gloves
  4351 | D:6      | Found a bloodstained altar of Trog.
  4357 | D:6      | Reached ***** piety under Trog
  4357 | D:6      | Received a gift from Trog
  4380 | D:6      | Identified the +0 pair of gloves "Liki" {Slay+2 Stlth+}
                  | (You found it on level 6 of the Dungeon)
  4468 | D:6      | Found an opulent altar of Gozag.
  4570 | D:7      | Noticed a hippogriff
  4580 | D:7      | Killed a hippogriff
  4580 | D:7      | Reached skill level 10 in Axes
  4688 | D:7      | Reached XP level 9. HP: 60/81 MP: 8/8
  5329 | D:8      | Found a shimmering altar of Xom.
  5362 | D:8      | Found a snail-covered altar of Cheibriados.
  5427 | D:8      | Reached skill level 11 in Axes
  5493 | D:8      | Noticed a two-headed ogre
  5499 | D:8      | Killed a two-headed ogre
  5613 | D:8      | Reached skill level 12 in Axes
  5638 | D:8      | Got an ichor-stained long sword
  5642 | D:8      | Identified the +2 long sword of the Eternal Void {vorpal,
                  | Str+4 Stlth+} (You found it on level 8 of the Dungeon)
  5695 | D:8      | Found a basalt altar of Yredelemnul.
  5695 | D:8      | Found an iron altar of Okawaru.
  5786 | D:8      | Found a shadowy altar of Dithmenos.
  5873 | D:9      | You fall into a shaft and drop 2 floors!
  5887 | D:11     | Found a staircase to the Lair.
  5913 | D:11     | Reached XP level 10. HP: 74/91 MP: 7/9
  5964 | D:11     | Noticed a two-headed ogre
  5973 | D:11     | Killed a two-headed ogre
  5973 | D:11     | Reached skill level 13 in Axes
  6103 | D:11     | Reached skill level 10 in Fighting
  6108 | D:11     | Received a gift from Trog
  6187 | D:11     | Reached skill level 10 in Armour
  6202 | D:11     | Reached skill level 14 in Axes
  6317 | D:11     | Noticed a manticore
  6322 | D:11     | Killed a manticore
  6338 | D:11     | Noticed a cyclops
  6342 | D:11     | Killed a cyclops
  6342 | D:11     | Reached XP level 11. HP: 60/101 MP: 6/10
  6509 | D:11     | Identified the Disquisition on Vitriolic Creation
  6829 | D:10     | Entered Level 10 of the Dungeon
  6983 | D:10     | Found Calent's Antique Weapon Shoppe.
  6991 | D:10     | Bought a glowing battleaxe for 304 gold pieces
  7083 | D:10     | Noticed Sonja
  7110 | D:10     | Cast into level 1 of the Abyss (Sonja)
  7184 | Abyss:2  | Found a corrupted altar of Lugonu.
  7255 | Abyss:2  | Noticed a tentacled starspawn
  7262 | Abyss:2  | Killed a tentacled starspawn
  7262 | Abyss:2  | Reached skill level 15 in Axes
  7268 | Abyss:2  | HP: 2/153 [burnt (9)]
  7270 | Abyss:2  | Incinerated by a smoke demon

Levels and vault maps discovered:
D:1:      elethiomel_arrival_infinity_welcomes_careful_drivers, layout_rooms,
          tso_altar
D:2:      layout_rooms, gammafunk_temple_overflow_statue,
          trog_three_pillars_becter
D:3:      layout_rooms, overflow_temple_1_default,
          nicolae_overflow_hidden_temple, gammafunk_ghost_necromancy,
          minmay_randomly_rotated_circles, uniq_robin
D:4:      minmay_skewed_foursquare, layout_gridville, minmay_temple_entry_mist,
          item_on_display_a
D:5:      layout_loops_ring, lemuel_doored_altar,
          gammafunk_temple_overflow_elements, basic_altar, first_ration,
          nrook_loot_triangle
D:6:      layout_basic, nicolae_gozag_cash_rules_everything_around_me,
          serial_shops, shop, minmay_misc_feat_hallway, trog_hazing_becter
D:7:      corexii_shantytown, layout_rooms
D:8:      layout_basic, kennysheep_mini_moat,
          gammafunk_temple_overflow_forgotten, grunt_dithmenos_shadows
D:9:      layout_rooms, hangedman_ranch [blue_anna_fruit_fields],
          grunt_decor_mini_mirrors
D:10:     layout_long_grid, serial_shops, shop_fountains, uniq_sonja
D:11:     layout_roguey, erik_lair_dragon, worms_lemuel
Abyss:2:  base:
D:2

Skill      XL: |  1  2  3  4  5  6  7  8  9 10 11 |
---------------+----------------------------------+-----
Axes           | 4 5 6 7 8 10 12 14 15 | 15.2
Fighting       | 4 5 6 7 9 10 11 | 11.4
Armour         | 3 4 5 7 9 10 11 | 11.1
Dodging        | |  2.2

Action                   |  1- 3 |  4- 6 |  7- 9 | 10-12 || total
-------------------------+-------+-------+-------+-------++-------
Melee: Hand axe          |    82 |    99 |    88 |       ||   269
       Headbutt          |    10 |    17 |    50 |    24 ||   101
       War axe           |       |       |   123 |       ||   123
       Battleaxe         |       |       |    56 |   110 ||   166
Invok: Berserk           |     1 |     2 |     1 |     2 ||     6
  Use: Scroll            |       |     7 |     2 |     1 ||    10
  Eat: Chunk             |       |     7 |    15 |     5 ||    27
Armor: Animal skin       |     6 |       |       |       ||     6
       Ring mail         |    32 |    23 |    10 |       ||    65
       Plate armour      |       |       |   140 |    73 ||   213
       Chain mail        |       |       |     2 |       ||     2
Dodge: Dodged            |    52 |    54 |   102 |    44 ||   252

Table legend:
 A = Non-vault XP
 B = Vault XP
 C = Vault XP percentage of total XP
 D = Non-vault monster count
 E = Vault monster count
 F = Vault count percentage of total count
                 A         B        C        D         E       F
            +---------+---------+-------+---------+---------+-------
      Total |   14723 |    1959 |  11.7 |     209 |      75 |  26.4
            +---------+---------+-------+---------+---------+-------
        D:1 |      43 |       0 |   0.0 |      27 |       0 |   0.0
        D:2 |      90 |       0 |   0.0 |      28 |       0 |   0.0
        D:3 |      49 |     310 |  86.4 |      15 |      23 |  60.5
        D:4 |     606 |      20 |   3.2 |      24 |       3 |  11.1
        D:5 |     240 |       0 |   0.0 |      13 |       0 |   0.0
        D:6 |     598 |      11 |   1.8 |      15 |       6 |  28.6
        D:7 |     962 |     109 |  10.2 |      11 |      34 |  75.6
        D:8 |    1850 |     112 |   5.7 |      23 |       1 |   4.2
        D:9 |     169 |       0 |   0.0 |       4 |       0 |   0.0
       D:10 |     577 |       0 |   0.0 |       7 |       0 |   0.0
       D:11 |    5552 |    1397 |  20.1 |      33 |       8 |  19.5
    Abyss:2 |    3987 |       0 |   0.0 |       9 |       0 |   0.0
            +---------+---------+-------+---------+---------+-------
